 Dungeon Crawl Stone Soup version 0.29-a0-664-gff9cad4a3d (webtiles) character file.

Game seed: 3770467912317602450

79 DocClef the Skirmisher (level 4, -1/26 HPs)
             Began as a Vine Stalker Fighter on June 22, 2022.
             Slain by a gnoll
             ... wielding a +0 club
              (5 damage)
             ... on level 3 of the Dungeon.
             The game lasted 00:01:41 (1955 turns).

DocClef the Skirmisher (Vine Stalker Fighter)       Turns: 1955, Time: 00:01:42

Health: -1/26      AC:  8    Str: 21    XL:     4   Next: 37%
Magic:  0/5        EV:  9    Int:  8    God:
Gold:   79         SH:  4    Dex: 13    Spells: 3/3 levels left

rFire   . . .      SeeInvis .   a - +0 flail
rCold   . . .      Faith    .   c - +0 buckler
rNeg    . . .      Spirit   +   b - +0 scale mail
rPois   .          Reflect  .   j - +2 hat {Stlth+}
rElec   .          Harm     .   (no cloak)
rCorr   .          Rampage  .   (no gloves)
Will    .....                   (no boots)
Stlth   +.........              (no amulet)
HPRegen 0.88/turn               (no ring)
MPRegen 0.09/turn               (no ring)

@: weak-willed
A: fangs 2, regeneration 1, magic shield, antimagic bite, no potion heal 2
a: no special abilities


You were on level 3 of the Dungeon.
You visited 1 branch of the dungeon, and saw 3 of its levels.

You collected 79 gold pieces.

Inventory:

Hand Weapons
 a - a +0 flail (weapon)
Armour
 b - a +0 scale mail (worn)
 c - a +0 buckler (worn)
 e - a +0 helmet
 j - a +2 hat of stealth (worn)
Wands
 k - a wand of flame (2)
Scrolls
 g - a scroll of identify
 h - a scroll of vulnerability
 i - a scroll of blinking
Potions
 d - a potion of might
 m - a potion of ambrosia


   Skills:
 + Level 4.6 Fighting
 - Level 1.7 Maces & Flails
 - Level 2.4 Armour
 - Level 2.6 Shields


You had 3 spell levels left.
You didn't know any spells.
Your spell library contained the following spells:

 Spells                   Type           Power      Damage    Failure   Level
 Necrotize                Necr           0%         1d4       85%         1
 Blink                    Tloc           0%         N/A       94%         2
 Scorch                   Fire           0%         2d5       94%         2
 Vampiric Draining        Necr           0%         2d6       99%         3
 Flame Wave               Conj/Fire      0%         2d4       100%        4
 Agony                    Necr           0%         N/A       100%        5
 Fireball                 Conj/Fire      0%         3d3       100%        5
 Iskenderun's Battlesphe  Conj           0%         2d6       100%        5
 Manifold Assault         Tloc           0%         N/A       100%        5
 Conjure Ball Lightning   Conj/Air       0%         3x3d6     100%        6
 Summon Cactus Giant      Summ           0%         N/A       100%        6
 Orb of Destruction       Conj           0%         9d5       100%        7
 Storm Form               Tmut/Air       0%         N/A       100%        7


Dungeon Overview and Level Annotations

Branches:
Dungeon (3/15)

Altars:


Innate Abilities, Weirdness & Mutations

You have extremely sharp teeth.
Your natural rate of healing is unusually fast.
When hurt, damage is shared between your health and your magic reserves.
Your bite disrupts and absorbs the magic of your enemies.
Potions cannot restore your health.


Message History

The gnoll hits you with a +0 club. The phantom barely misses you.
You hit the phantom. Your bite misses the phantom.
The phantom is severely damaged.
You block the gnoll's attack.
The phantom hits you but does no damage.
A worm comes into view.
A gnoll comes into view. It is wielding a +0 halberd.
The phantom hits you but does no damage.
The gnoll shouts!
You sock the phantom! Your bite misses the phantom.
The phantom is almost destroyed.
You block the phantom's attack. You block the gnoll's attack.
You hit the phantom but do no damage. Your bite misses the phantom.
The phantom is almost destroyed.
The gnoll hits you with a +0 club. The phantom completely misses you.
The gnoll barely misses you. x2; The gnoll hits you with a +0 club.
The gnoll barely misses you.
The phantom hits you but does no damage.
Unknown command.
You hit the phantom but do no damage.
The phantom is almost destroyed.
The phantom completely misses you.
The gnoll hits you from afar with a +0 halberd.
The gnoll barely misses you. The gnoll hits you with a +0 club.
You are too injured to fight recklessly!
Unknown command.
You miss the phantom. You bite the phantom. You drain its power.
You feel invigorated.
The phantom is almost destroyed.
The gnoll closely misses you.
The phantom hits you but does no damage.
The gnoll hits you with a +0 club. The gnoll hits you but does no damage.
You completely miss the phantom.
The phantom is almost destroyed.
The gnoll hits you with a +0 club. The gnoll closely misses you.
The phantom hits you but does no damage.
The gnoll hits you with a +0 club.
* * * LOW HITPOINT WARNING * * *
You block the gnoll's attack. The gnoll hits you with a +0 club.
You die...

#........
###.......
#........ .
.....>. ..
#.... .. #...#
.. ...#...####
g#
...........##g#
...##...##W@gB#
. #...##[.g≈#
######.#≈≈.≈≈
..##≈≈≈≈≈≈ ####
######


You could see a phantom, 4 gnolls and a giant cockroach.

Vanquished Creatures
  4 adders (D:2)
  A worm (D:2)
  8 ball pythons
  5 endoplasms
  2 giant cockroaches
  2 goblins (D:1)
  3 hobgoblins
  3 quokkas
  A bat (D:2)
  5 frilled lizards
  2 kobolds (D:2)
  3 rats
39 creatures vanquished.

Notes
Turn   | Place    | Note
-------+----------+-------------------------------------------
     0 | D:1      | DocClef the Vine Stalker Fighter began the quest for the
                  | Orb.
     0 | D:1      | Reached XP level 1. HP: 11/11 MP: 2/2
   309 | D:1      | Reached skill level 3 in Fighting
   372 | D:1      | Reached XP level 2. HP: 13/16 MP: 3/3
   490 | D:1      | Found a faded altar of an unknown god.
  1251 | D:2      | Reached XP level 3. HP: 15/21 MP: 4/4
  1493 | D:2      | Reached skill level 4 in Fighting
  1620 | D:2      | Gained mutation: Your natural rate of healing is unusually
                  | fast. [Vine Stalker growth]
  1620 | D:2      | Reached XP level 4. HP: 26/26 MP: 5/5
  1942 | D:3      | Noticed a phantom
  1955 | D:3      | Slain by a gnoll

Illustrated notes

Levels and vault maps discovered:
D:1:      dpeg_arrival_concentric_ovals, layout_basic,
          hellmonk_ecumenical_altar_heavens_door
D:2:      minmay_diamond_boxcup, layout_rooms
D:3:      layout_rooms, gup_sewer_entry_pipe, serial_shops,
          nicolae_shop_behind_doors, due_unseen_surprise

Skill      XL: |  1  2  3 |
---------------+----------+-----
Fighting       | 3 4 |  4.6
Maces & Flails | |  1.7
Armour         | |  2.4
Shields        | |  2.6

Action                   |  1- 3 |  4- 6 || total
-------------------------+-------+-------++-------
Melee: Flail             |    70 |    48 ||   118
       Bite              |    17 |     9 ||    26
  Use: Scroll            |       |     4 ||     4
       Potion            |       |     1 ||     1
Armor: Scale mail        |    26 |    23 ||    49
Dodge: Dodged            |    31 |    38 ||    69
Block: Buckler           |    13 |    18 ||    31

Table legend: (Time is in decaauts)
 A = Elapsed time spent in this place.
 B = Non-inter-level travel time spent in this place.
 C = Inter-level travel time spent in this place.
 D = Time resting spent in this place.
 E = Time spent auto-exploring this place.
 F = Levels seen in this place.
 G = Mean time per level.
                   A        B        C        D        E       F      G
               +--------+--------+--------+--------+--------+-----+--------+
         Total |   1996 |   1924 |     72 |      7 |   1586 |   3 |  665.3 |
       Dungeon |   1996 |   1924 |     72 |      7 |   1586 |   3 |  665.3 |
               +--------+--------+--------+--------+--------+-----+--------+

Top non-repeatable levels by time:
     D:1: 1135 daAuts
     D:2: 838 daAuts
     D:3: 23 daAuts
